SAAA
PHOENIX HOTSPUR RESERVES @ BRINKLEY BELUGAS
08/12/2034
 
TOP OF THE 1ST
Phoenix Hotspur Reserves batting - Pitching for Brinkley Belugas : RHP Alejandro Araya
Pitching: RHP Alejandro Araya
Batting: RHB Rubén Andrada 0-0: Fly out, F7 (Flyball, 7D)
Batting: RHB Jim Justice 0-0: Foul Ball, location: 2F
0-1: Ball
1-1: Foul Ball, location: 2F
1-2: Strikes out swinging
Batting: RHB Hieronymus Bosch 0-0: SINGLE (Flyball, 89M)
Batting: LHB Jason DeGeorge 0-0: Swinging Strike
0-1: Ball
1-1: Called Strike
1-2: Ball
2-2: Ball
3-2: Strikes out looking
Top of the 1st over - 0 runs, 1 hit, 0 errors, 1 left on base; Phoenix 0 - Brinkley 0
BOTTOM OF THE 1ST
Brinkley Belugas batting - Pitching for Phoenix Hotspur Reserves : LHP José Santiago
Pitching: LHP José Santiago
Batting: RHB Alan Bryan 0-0: Ball
1-0: Called Strike
1-1: Foul Ball, location: 2F
1-2: Ground out U3 (Groundball, 34)
Batting: RHB Oscar Gandarilla 0-0: Ground out 6-3 (Groundball, 6)
Batting: RHB Cisco Feijoo 0-0: Called Strike
0-1: Ball
1-1: Ball
2-1: Ball
3-1: Ground out 5-3 (Groundball, 56)
Bottom of the 1st over - 0 runs, 0 hits, 0 errors, 0 left on base; Phoenix 0 - Brinkley 0
TOP OF THE 2ND
Phoenix Hotspur Reserves batting - Pitching for Brinkley Belugas : RHP Alejandro Araya
Batting: RHB Solomon Norment 0-0: Ball
1-0: Called Strike
1-1: Foul Ball, location: 2F
1-2: Ball
2-2: Strikes out swinging
Batting: RHB Bernardo Rivera 0-0: Foul Ball, location: 2F
0-1: Called Strike
0-2: Ground out 4-3 (Groundball, 4)
Batting: RHB Germán Alfaro 0-0: Called Strike
0-1: Ball
1-1: Called Strike
1-2: Ball
2-2: Ball
3-2: SINGLE (Groundball, 25) (infield hit)
Batting: RHB Satoshi Terada 0-0: Called Strike
Throwing error on steal attempt, E2
Germán Alfaro to third
0-1: Foul Ball, location: 2F
0-2: Ball
1-2: Ball
2-2: Strikes out swinging
Top of the 2nd over - 0 runs, 1 hit, 1 error, 1 left on base; Phoenix 0 - Brinkley 0
BOTTOM OF THE 2ND
Brinkley Belugas batting - Pitching for Phoenix Hotspur Reserves : LHP José Santiago
Batting: RHB Denis Higgins 0-0: Ground out 6-3 (Groundball, 6S)
Batting: LHB Travis Towns 0-0: Ball
1-0: Ball
2-0: Ball
3-0: Foul Ball, location: 2F
3-1: Base on Balls
Batting: RHB Hyeon-cheong Kim 0-0: Ball
1-0: Ball
2-0: Ball
3-0: Base on Balls
Travis Towns to second
Batting: SHB Zuberi Mccray 0-0: Called Strike
0-1: Called Strike
0-2: Reached on error, E6 (Groundball, 6)
Travis Towns to third
Hyeon-cheong Kim to second
Batting: LHB Weston Doyle 0-0: Ball
1-0: Ball
2-0: Ball
3-0: Base on Balls
Travis Towns scores
Hyeon-cheong Kim to third
Zuberi Mccray to second
Batting: RHB Rio Clark 0-0: Foul Ball, location: 2F
0-1: Ball
1-1: Foul Ball, location: 2F
1-2: Strikes out swinging
Batting: RHB Alan Bryan 0-0: Called Strike
0-1: Ground out 4-3 (Groundball, 4)
Bottom of the 2nd over - 1 run, 0 hits, 1 error, 3 left on base; Phoenix 0 - Brinkley 1
TOP OF THE 3RD
Phoenix Hotspur Reserves batting - Pitching for Brinkley Belugas : RHP Alejandro Araya
Batting: RHB Carl Tucker 0-0: Ball
1-0: Ball
2-0: Called Strike
2-1: Foul Ball, location: 2F
2-2: Ball
3-2: Fly out, F4 (Line Drive, 4)
Batting: RHB Rubén Andrada 0-0: Ball
1-0: Foul Ball, location: 2F
1-1: Ball
2-1: Ball
3-1: Ground out 6-3 (Groundball, 56)
Batting: RHB Jim Justice 0-0: Swinging Strike
0-1: Called Strike
0-2: Ball
1-2: Strikes out swinging
Top of the 3rd over - 0 runs, 0 hits, 0 errors, 0 left on base; Phoenix 0 - Brinkley 1
BOTTOM OF THE 3RD
Brinkley Belugas batting - Pitching for Phoenix Hotspur Reserves : LHP José Santiago
Batting: RHB Oscar Gandarilla 0-0: Called Strike
0-1: Ball
1-1: Ball
2-1: Called Strike
2-2: Ball
3-2: Strikes out swinging
Batting: RHB Cisco Feijoo 0-0: Ball
1-0: Ball
2-0: Ball
3-0: Called Strike
3-1: Base on Balls
Batting: RHB Denis Higgins 0-0: Foul Ball, location: 2F
0-1: Ball
1-1: Ball
2-1: Foul Ball, location: 2F
2-2: SINGLE (Flyball, 9LM)
Cisco Feijoo to second
Runner from 2nd tries for 3rd, SAFE, no throw
Batting: LHB Travis Towns 0-0: Grounds into double play, 5-4-3 (Groundball, 56)
Bottom of the 3rd over - 0 runs, 1 hit, 0 errors, 1 left on base; Phoenix 0 - Brinkley 1
TOP OF THE 4TH
Phoenix Hotspur Reserves batting - Pitching for Brinkley Belugas : RHP Alejandro Araya
Batting: RHB Hieronymus Bosch 0-0: Fly out, F9 (Flyball, 9LDF)
Batting: LHB Jason DeGeorge 0-0: Ball
1-0: SINGLE (Groundball, 34D)
Batting: RHB Solomon Norment 0-0: Ball
Jason DeGeorge is caught stealing 2nd base
1-0: Foul Ball, location: 2F
1-1: Ball
2-1: Foul Ball, location: 2F
2-2: Ball
3-2: Ground out 4-3 (Groundball, 4)
Top of the 4th over - 0 runs, 1 hit, 0 errors, 0 left on base; Phoenix 0 - Brinkley 1
BOTTOM OF THE 4TH
Brinkley Belugas batting - Pitching for Phoenix Hotspur Reserves : LHP José Santiago
Batting: RHB Hyeon-cheong Kim 0-0: Swinging Strike
0-1: Ball
1-1: Swinging Strike
1-2: Strikes out swinging
Batting: SHB Zuberi Mccray 0-0: Called Strike
0-1: Foul Ball, location: 2F
0-2: Foul Ball, location: 2F
0-2: Ball
1-2: Ball
2-2: Ball
3-2: Foul Ball, location: 2F
3-2: Fly out, F9 (Line Drive, 9S)
Batting: LHB Weston Doyle 0-0: Swinging Strike
0-1: Ball
1-1: Ball
2-1: SINGLE (Groundball, 4D)
Batting: RHB Rio Clark 0-0: Called Strike
Weston Doyle is caught stealing 2nd base
Bottom of the 4th over - 0 runs, 1 hit, 0 errors, 0 left on base; Phoenix 0 - Brinkley 1
TOP OF THE 5TH
Phoenix Hotspur Reserves batting - Pitching for Brinkley Belugas : RHP Alejandro Araya
Batting: RHB Bernardo Rivera 0-0: Ball
1-0: Called Strike
1-1: Fly out, F3 (Line Drive, 3)
Batting: RHB Germán Alfaro 0-0: Foul Ball, location: 2F
0-1: Ground out 4-3 (Groundball, 4M)
Batting: RHB Satoshi Terada 0-0: Called Strike
0-1: Called Strike
0-2: Strikes out swinging
Top of the 5th over - 0 runs, 0 hits, 0 errors, 0 left on base; Phoenix 0 - Brinkley 1
BOTTOM OF THE 5TH
Brinkley Belugas batting - Pitching for Phoenix Hotspur Reserves : LHP José Santiago
Batting: RHB Rio Clark 0-0: Ball
1-0: Ball
2-0: Ball
3-0: Base on Balls
Batting: RHB Alan Bryan 0-0: Foul Ball, location: 2F
0-1: Ball
1-1: Ball
2-1: Swinging Strike
2-2: Strikes out swinging
Batting: RHB Oscar Gandarilla 0-0: Swinging Strike
0-1: Ball
1-1: Swinging Strike
1-2: Ground out 4-3 (Groundball, 34)
Rio Clark to second
Batting: RHB Cisco Feijoo 0-0: Ball
1-0: Called Strike
1-1: Swinging Strike
1-2: Foul Ball, location: 2F
1-2: Foul Ball, location: 2F
1-2: SINGLE (Line Drive, 56D)
Rio Clark to third
Batting: RHB Denis Higgins 0-0: Ball
1-0: Ball
2-0: Fly out, F7 (Flyball, 7D)
Bottom of the 5th over - 0 runs, 1 hit, 0 errors, 2 left on base; Phoenix 0 - Brinkley 1
TOP OF THE 6TH
Phoenix Hotspur Reserves batting - Pitching for Brinkley Belugas : RHP Alejandro Araya
Batting: RHB Carl Tucker 0-0: Ball
1-0: Called Strike
1-1: SINGLE (Flyball, 9S)
Batting: RHB Rubén Andrada 0-0: Bunted foul
0-1: Sac Bunt - play at first, batter OUT! 1-4
Carl Tucker to second
Batting: RHB Jim Justice 0-0: Ball
1-0: Reached on error, E5 (Groundball, 56)
Carl Tucker to third
Batting: RHB Hieronymus Bosch 0-0: Ball
1-0: Called Strike
1-1: SINGLE (Line Drive, 6D)
Carl Tucker scores
Jim Justice to second
Batting: LHB Jason DeGeorge 0-0: Ball
1-0: Fly out, F6 (Popup, 6MS)
Batting: RHB Solomon Norment 0-0: Ground out 4-3 (Groundball, 4)
Top of the 6th over - 1 run, 2 hits, 1 error, 2 left on base; Phoenix 1 - Brinkley 1
BOTTOM OF THE 6TH
Brinkley Belugas batting - Pitching for Phoenix Hotspur Reserves : LHP José Santiago
Batting: LHB Travis Towns 0-0: Ball
1-0: Foul Ball, location: 2F
1-1: Swinging Strike
1-2: Foul Ball, location: 2F
1-2: Strikes out swinging
Batting: RHB Hyeon-cheong Kim 0-0: Swinging Strike
0-1: Ball
1-1: Swinging Strike
1-2: Ball
2-2: Strikes out swinging
Batting: SHB Zuberi Mccray 0-0: SINGLE (Line Drive, 7LS)
Pitching: RHP Ty McDaniel
Batting: LHB Weston Doyle 0-0: Foul Ball, location: 2F
0-1: Called Strike
0-2: Ball
1-2: Ball
2-2: DOUBLE (Flyball, 9D)
Zuberi Mccray to third
Runner from 3rd tries for Home, SAFE, no throw
Batting: RHB Rio Clark 0-0: SINGLE (Groundball, 6D)
Weston Doyle to third
Runner from 3rd tries for Home, SAFE, no throw
Batting: RHB Alan Bryan 0-0: SINGLE (Line Drive, 9S)
Rio Clark to second
Batting: RHB Oscar Gandarilla 0-0: Foul Ball, location: 2F
0-1: Ground out 6-3 (Groundball, 6M)
Bottom of the 6th over - 2 runs, 4 hits, 0 errors, 2 left on base; Phoenix 1 - Brinkley 3
TOP OF THE 7TH
Phoenix Hotspur Reserves batting - Pitching for Brinkley Belugas : RHP Alejandro Araya
Batting: RHB Bernardo Rivera 0-0: Called Strike
0-1: Ball
1-1: Foul Ball, location: 2F
1-2: Strikes out looking
Batting: RHB Germán Alfaro 0-0: Swinging Strike
0-1: Ball
1-1: Foul Ball, location: 2F
1-2: Foul Ball, location: 2F
1-2: Strikes out looking
Batting: RHB Satoshi Terada 0-0: Ball
1-0: Ball
2-0: Called Strike
2-1: Ground out 6-3 (Groundball, 6D)
Top of the 7th over - 0 runs, 0 hits, 0 errors, 0 left on base; Phoenix 1 - Brinkley 3
BOTTOM OF THE 7TH
Brinkley Belugas batting - Pitching for Phoenix Hotspur Reserves : RHP Ty McDaniel
Batting: RHB Cisco Feijoo 0-0: Ball
1-0: Swinging Strike
1-1: Ball
2-1: Foul Ball, location: 2F
2-2: Strikes out swinging
Batting: RHB Denis Higgins 0-0: Ball
1-0: Ball
2-0: Ball
3-0: Base on Balls
Batting: LHB Travis Towns 0-0: Called Strike
0-1: Ball
1-1: Ball
2-1: Foul Ball, location: 2F
2-2: Ball
3-2: Ground out 1-3 (Groundball, P)
Denis Higgins to second
Batting: RHB Hyeon-cheong Kim 0-0: Ball
1-0: Ball
2-0: Ground out 5-3 (Groundball, 56)
Bottom of the 7th over - 0 runs, 0 hits, 0 errors, 1 left on base; Phoenix 1 - Brinkley 3
TOP OF THE 8TH
Phoenix Hotspur Reserves batting - Pitching for Brinkley Belugas : RHP Alejandro Araya
Pitching: LHP Sicnarf Loopstok
Batting: RHB Carl Tucker 0-0: Ball
1-0: Ball
2-0: Called Strike
2-1: Foul Ball, location: 2F
2-2: Strikes out looking
Batting: RHB Rubén Andrada 0-0: Called Strike
0-1: Fly out, F8 (Flyball, 8LD)
Batting: RHB Jim Justice 0-0: Called Strike
0-1: Ball
1-1: Foul Ball, location: 2F
1-2: Foul Ball, location: 2F
1-2: Ball
2-2: Foul Ball, location: 2F
2-2: Ground out 5-3 (Groundball, 56)
Top of the 8th over - 0 runs, 0 hits, 0 errors, 0 left on base; Phoenix 1 - Brinkley 3
BOTTOM OF THE 8TH
Brinkley Belugas batting - Pitching for Phoenix Hotspur Reserves : RHP Ty McDaniel
Batting: SHB Zuberi Mccray 0-0: Foul Ball, location: 2F
0-1: Foul Ball, location: 2F
0-2: Ball
1-2: Ball
2-2: Ball
3-2: SINGLE (Flyball, 8RS)
Batting: LHB Weston Doyle 0-0: Called Strike
0-1: Ball
1-1: SINGLE (Flyball, 89S)
Zuberi Mccray to second
Batting: RHB Rio Clark 0-0: Bunt - Flyout! F5
Batting: RHB Alan Bryan 0-0: Called Strike
0-1: Ball
1-1: Ball
2-1: Swinging Strike
2-2: Foul Ball, location: 2F
2-2: Foul Ball, location: 2F
2-2: Ball
3-2: Base on Balls
Zuberi Mccray to third
Weston Doyle to second
Pitching: LHP Eduardo Márquez
Batting: RHB Oscar Gandarilla 0-0: Ball
1-0: Ball
2-0: Foul Ball, location: 2F
2-1: Ball
3-1: Fly out, F9 (Flyball, 9LSF)
Runner from 3rd tags up, SCORES, no throw
Batting: RHB Cisco Feijoo 0-0: Fly out, F4 (Popup, 13S)
Bottom of the 8th over - 1 run, 2 hits, 0 errors, 2 left on base; Phoenix 1 - Brinkley 4
TOP OF THE 9TH
Phoenix Hotspur Reserves batting - Pitching for Brinkley Belugas : LHP Sicnarf Loopstok
Batting: RHB Hieronymus Bosch 0-0: Ball
1-0: Fly out, F4 (Flyball, 34D)
Batting: LHB Jason DeGeorge 0-0: Ball
1-0: Ball
2-0: Called Strike
2-1: Ball
3-1: Foul Ball, location: 2F
3-2: Strikes out looking
Batting: RHB Solomon Norment 0-0: Swinging Strike
0-1: Swinging Strike
0-2: Ball
1-2: Strikes out swinging
Top of the 9th over - 0 runs, 0 hits, 0 errors, 0 left on base; Phoenix 1 - Brinkley 4
Friday, March 29th, 2019 - OOTP Baseball 18.8 Build 76